 Dungeon Crawl Stone Soup version 0.27-a0-1119-gbf574a6a6b (webtiles) character file.

Game seed: 1805793950314226883

995 Zeld the Thrower (level 8, -3/41 HPs)
             Began as an Octopode Fighter on May 2, 2021.
             Killed by nerve-wracking pain
             ... invoked by Grinder
              (12 damage)
             ... on level 5 of the Dungeon.
             The game lasted 00:06:53 (6344 turns).

Zeld the Thrower (Octopode Fighter)                 Turns: 6344, Time: 00:06:55

Health: -3/41      AC:  3    Str: 24    XL:     8   Next: 19%
Magic:  8/8        EV: 12    Int: 10    God:
Gold:   254        SH: 10    Dex: 17    Spells: 7/7 levels left

rFire    . . .     SeeInvis .   a - +0 war axe
rCold    . . .     Faith    .   b - +0 kite shield
rNeg     . . .     Spirit   .   (helmet restricted)
rPois    .         Reflect  .   m - amulet of the acrobat
rElec    .         Harm     .   i - +6 ring of strength
rCorr    .         Rampage  .   p - +6 ring of dexterity
Will     .....                  (no ring)
Stlth    ++........             (no ring)
HPRegen  0.13/turn              (no ring)
MPRegen  0.11/turn              (no ring)
                                (no ring)
                                (no ring)

@: silenced, attractive, flying (expiring)
A: almost no armour, amphibious, 8 rings, camouflage 1, gelatinous body 1,
(nimble swimmer 1), tentacles, iridescent scales 1, frail 2, wild magic 1
a: no special abilities


You were on level 5 of the Dungeon.
You visited 1 branch of the dungeon, and saw 5 of its levels.

You collected 254 gold pieces.

Inventory:

Hand Weapons
 a - a +0 war axe (weapon)
 l - a +1 war axe
Missiles
 d - 5 javelins
 q - 25 poisoned darts (quivered)
 v - 2 boomerangs
Armour
 b - a +0 kite shield (worn)
Jewellery
 i - a +6 ring of strength (left tentacle)
 m - an amulet of the acrobat (around mantle)
 p - a +6 ring of dexterity (right tentacle)
Wands
 w - a wand of iceblast (8)
 x - a wand of flame (11)
Scrolls
 h - 4 scrolls of identify
 u - a scroll of vulnerability {unknown}
Potions
 c - 2 potions of might
 f - a potion of cancellation {unknown}
 g - a potion of resistance {unknown}
 j - a potion of curing
 k - a potion of attraction
 n - a potion of flight
 o - 2 potions of mutation
 r - a potion of heal wounds {unknown}
 t - a potion of magic {unknown}


   Skills:
 - Level 3.3 Fighting
 - Level 2.3 Axes
 * Level 8.8 Throwing
 - Level 3.0 Dodging
 - Level 3.2 Shields


You had 7 spell levels left.
You didn't know any spells.
Your spell library was empty.

Dungeon Overview and Level Annotations

Branches:
Dungeon (5/15)
 Temple: D:4-7

Altars:
Cheibriados
Ru
Trog
Wu Jian
Xom

Annotations:
D:3 2 transporters, HendSelp's ghost, amateur DESu
D:5 Grinder


Innate Abilities, Weirdness & Mutations

You cannot wear most types of armour.
You are amphibious.
You can wear up to eight rings at the same time.
Your skin changes colour to match your surroundings (Stealth+).
Your rubbery body absorbs attacks. (AC +1, EV +1)
((You are camouflaged near water. (Stealth+)))
You have tentacles for arms and can constrict up to eight enemies at once.
You are partially covered in iridescent scales. (AC +2)
You are very frail. (-20% HP)
Your spells are a little harder to cast, but a little more powerful.


Message History

The magic dart hits you.
* * * LOW HITPOINT WARNING * * *
The orc priest calls upon Beogh to heal the orc wizard.
The orc wizard is healed somewhat.
The orc wizard is pulled toward you! The orc priest is pulled toward you! x2
Grinder comes into view.
Grinder is pulled toward you!
The orc wizard points at you and mumbles some strange words.
The magic dart hits you.
* * * LOW HITPOINT WARNING * * *
Grinder is pulled toward you! The orc wizard is pulled toward you!
The orc priest is pulled toward you! x2
Grinder shouts!
You hit Grinder. You grab Grinder. You squeeze Grinder!
Grinder is moderately wounded.
You barely miss the orc wizard. You constrict Grinder.
The orc wizard hits you but does no damage.
Grinder gestures at you. You resist with some effort.
The orc priest is pulled toward you! x2
As you read the scroll labelled RUBAH SEAPA, it crumbles to dust.
It is a scroll of enchant weapon.
Your +0 war axe glows red for a moment.
You constrict Grinder.
The orc priest looks satisfied for a moment.
You block the orc priest's attack. Grinder closely misses you.
The orc wizard closely misses you.
As you read the scroll labelled TYMEARROARCH, it crumbles to dust.
It is a scroll of identify.
e - a scroll of silence You constrict Grinder.
You block the orc priest's attack. Grinder barely misses you.
The orc wizard gestures at itself while chanting.
The orc wizard flickers and vanishes!
Deactivating autopickup; reactivate with Ctrl-A.
As you read the scroll of silence, it crumbles to dust.
A profound silence engulfs you.
You are starting to lose your buoyancy.
You constrict Grinder. Grinder gestures at you. Pain shoots through your body!
You die...

............#.# #..##
######.####.#.# ##.##
##...# #...###..# # #..###
###.....##### #####.#
##...#.## #.. ...#.#
#..#.#..###.# #.#.####
##.##.##.....# #..ooo{#
#..##.###.)..#
#####.###@###.###...รท.##..
##.....# #.5.#.##...######.
##..#####
###.........>...#. #..##
###.##.....h<.## #.##
........>....## #.#
#..##........# ###)#
...##.....#### #.o.#
....##...### #..###
##.###..##


You could see Grinder, 2 orc priests and an orc.

Vanquished Creatures
  An orc warrior (D:4)
  2 ogres
  A centaur (D:5)
  A necrophage (D:5)
  A scorpion (D:4)
  A howler monkey (D:5)
  3 hounds (D:5)
  An orc wizard (D:4)
  Ijyb (D:5)
  3 iguanas
  A howler monkey zombie (D:5)
  7 gnolls
  5 adders
  An adder skeleton (D:4)
  5 dart slugs
  11 orcs
  4 bats
  9 endoplasms
  5 giant cockroaches
  8 goblins
  16 hobgoblins
  4 jackals
  12 kobolds
  4 quokkas
  5 ball pythons
  6 frilled lizards
  9 rats
127 creatures vanquished.

Notes
Turn   | Place    | Note
-------+----------+-------------------------------------------
     0 | D:1      | Zeld the Octopode Fighter began the quest for the Orb.
     0 | D:1      | Reached XP level 1. HP: 16/16 MP: 1/1
   114 | D:1      | Reached XP level 2. HP: 15/21 MP: 2/2
   363 | D:1      | Found a faded altar of an unknown god.
   523 | D:1      | Reached skill level 1 in Throwing
   523 | D:1      | Reached XP level 3. HP: 26/26 MP: 3/3
   787 | D:1      | Reached skill level 2 in Throwing
  1772 | D:2      | Reached XP level 4. HP: 31/31 MP: 4/4
  2059 | D:2      | Reached skill level 3 in Throwing
  2814 | D:3      | Noticed HendSelp's ghost (amateur DESu)
  2817 | D:3      | Found a transporter.
  2859 | D:3      | Found an ornate altar of the Wu Jian Council.
  2859 | D:3      | Found a sacrificial altar of Ru.
  2863 | D:3      | Found a snail-covered altar of Cheibriados.
  2873 | D:3      | Reached XP level 5. HP: 31/36 MP: 5/5
  3037 | D:3      | Reached skill level 4 in Throwing
  3855 | D:3      | Found a transporter.
  3955 | D:3      | You fall into a shaft and drop 2 floors!
  3955 | D:5      | Entered Level 5 of the Dungeon
  3956 | D:5      | Noticed a necrophage
  3963 | D:5      | Killed a necrophage
  3964 | D:5      | Reached skill level 5 in Throwing
  3964 | D:5      | Reached XP level 6. HP: 42/42 MP: 6/6
  4440 | D:4      | Reached skill level 6 in Throwing
  4446 | D:4      | Reached XP level 7. HP: 46/46 MP: 7/7
  4480 | D:4      | Found an iron altar of Okawaru.
  4558 | D:4      | Found a shimmering altar of Xom.
  4558 | D:4      | Found a shimmering altar of Xom.
  4560 | D:4      | Found a radiant altar of Vehumet.
  4560 | D:4      | Found an opulent altar of Gozag.
  4560 | D:4      | Found a bloodstained altar of Trog.
  4651 | D:4      | Reached skill level 7 in Throwing
  5763 | D:5      | Reached skill level 8 in Throwing
  5803 | D:5      | Reached XP level 8. HP: 30/52 MP: 8/8
  6120 | D:5      | Noticed Ijyb
  6128 | D:5      | Killed Ijyb
  6326 | D:5      | Gained mutation: You are frail. (-10% HP) [potion of
                  | mutation]
  6326 | D:5      | Gained mutation: Your spells are a little harder to cast,
                  | but a little more powerful. [potion of mutation]
  6326 | D:5      | Gained mutation: You are very frail. (-20% HP) [potion of
                  | mutation]
  6326 | D:5      | Gained mutation: You are partially covered in iridescent
                  | scales. (AC +2) [potion of mutation]
  6339 | D:5      | Noticed Grinder
  6344 | D:5      | Killed from afar by Grinder

Illustrated notes

Levels and vault maps discovered:
D:1:      dpeg_arrival_three_same_balls, layout_basic, basic_ecumenical_altar,
          minmay_misc_feat_iff, chequers_serial_rivers_marsh, minmay_tall_x
D:2:      kb_forest_paths, layout_loops_corners, minmay_misc_feat_hallway
D:3:      layout_loops_ring, chequers_temple_overflow_statue_of_worship,
          gammafunk_ghost_arena, chequers_serial_rivers_micro_c, minivault_14
D:4:      layout_basic, doesnt_xom_only_xom
D:5:      layout_rooms, kennysheep_orc_sif_temple, grunt_dithmenos_smoke,
          kennysheep_generic_room_16, uniq_grinder, uniq_ijyb

Skill      XL: |  1  2  3  4  5  6  7 |
---------------+----------------------+-----
Throwing       | 1 2 3 5 6 8 |  8.8
Fighting       | |  3.3
Axes           | |  2.3
Dodging        | |  3.0
Shields        | |  3.2

Action                   |  1- 3 |  4- 6 |  7- 9 || total
-------------------------+-------+-------+-------++-------
Melee: War axe           |    70 |    91 |    63 ||   224
       Constrict         |    17 |    25 |    23 ||    65
       Tentacles         |    12 |    18 |    25 ||    55
Throw: Dart              |       |       |     4 ||     4
  Use: Potion            |       |     1 |     4 ||     5
       Scroll            |       |       |     3 ||     3
 Stab: Sleeping          |     3 |     8 |     1 ||    12
       Distracted        |     1 |       |       ||     1
Armor: Skin              |     1 |     2 |     5 ||     8
Dodge: Dodged            |    35 |    76 |    51 ||   162
Block: Kite shield       |    40 |    52 |    40 ||   132

Table legend: (Time is in decaauts)
 A = Elapsed time spent in this place.
 B = Non-inter-level travel time spent in this place.
 C = Inter-level travel time spent in this place.
 D = Time resting spent in this place.
 E = Time spent auto-exploring this place.
 F = Levels seen in this place.
 G = Mean time per level.
                   A        B        C        D        E       F      G
               +--------+--------+--------+--------+--------+-----+--------+
         Total |   6486 |   6250 |    236 |    574 |   4636 |   5 | 1297.2 |
       Dungeon |   6486 |   6250 |    236 |    574 |   4636 |   5 | 1297.2 |
               +--------+--------+--------+--------+--------+-----+--------+

Top non-repeatable levels by time:
     D:3: 1739 daAuts
     D:2: 1539 daAuts
     D:1: 1455 daAuts
     D:4: 1047 daAuts
     D:5: 705 daAuts
